 Dungeon Crawl Stone Soup version 0.29.1-1-gd02db6906a (webtiles) character file.

Game seed: 7333926751395999655

2921 LustLizard the Covert (level 9, 0/46 HPs)
             Began as a Spriggan Arcane Marksman on Sept 21, 2022.
             Was a Believer of Dithmenos.
             Slain by a centaur (2 damage)
             ... on level 8 of the Dungeon.
             The game lasted 00:37:44 (12890 turns).

LustLizard the Covert (Spriggan Arcane Marksman)   Turns: 12890, Time: 00:37:45

Health: 0/46       AC:  2    Str:  6    XL:     9   Next: 50%
Magic:  12/12      EV: 18    Int: 14    God:    Dithmenos [**....]
Gold:   602        SH:  0    Dex: 26    Spells: 6/10 levels left

rFire   . . .      SeeInvis +   F - +0 shortbow
rCold   + . .      Faith    .   (shield currently unavailable)
rNeg    . . .      Spirit   .   c - +0 robe
rPois   .          Reflect  .   (helmet restricted)
rElec   .          Harm     .   (no cloak)
rCorr   .          Rampage  .   (gloves unavailable)
Will    +....                   (boots unavailable)
Stlth   +++++++...              (no amulet)
HPRegen 0.15/turn               B - +6 ring of dexterity
MPRegen 0.13/turn               f - ring of protection from cold

@: attractive, wreathed by umbra, very quick
A: very small, no large weapons, unfitting armour, see invisible, speed 3
a: Renounce Religion, Shadow Step


You were on level 8 of the Dungeon.
You worshipped Dithmenos.
Dithmenos was pleased with you.
You visited 2 branches of the dungeon, and saw 9 of its levels.

You collected 602 gold pieces.

Inventory:

Hand Weapons
 a - a +1 sling
 e - a +4 dagger
 F - a +0 shortbow (weapon)
Armour
 c - a +0 robe (worn)
 j - +0 fire dragon scales
Jewellery
 f - a ring of protection from cold (right hand)
 s - a +6 ring of intelligence
 B - a +6 ring of dexterity (left hand)
Wands
 b - a wand of paralysis (8)
 u - a wand of flame (32)
 D - a wand of digging (5)
Scrolls
 d - a scroll of vulnerability {unknown}
 k - a scroll of acquirement {unknown}
 n - 2 scrolls of amnesia {unknown}
 o - a scroll of magic mapping {unknown}
 p - a scroll of noise {unknown}
 r - a scroll of fear {unknown}
 v - a scroll of enchant armour {unknown}
 x - 2 scrolls of fog {unknown}
 y - a scroll of enchant weapon {unknown}
 A - 4 scrolls of teleportation {unknown}
 C - a scroll of immolation {unknown}
 E - a scroll of blinking {unknown}
Potions
 g - 2 potions of degeneration
 h - 2 potions of lignification
 l - 2 potions of brilliance
 m - 4 potions of curing
 q - 2 potions of cancellation
 t - a potion of ambrosia {unknown}
 w - a potion of magic {unknown}


   Skills:
 + Level 4.6 Fighting
 * Level 8.3 Ranged Weapons
 - Level 2.6 Dodging
 * Level 12.2 Stealth
 - Level 1.3 Spellcasting
 - Level 4.5 Hexes
 - Level 4.0 Translocations


You had 6 spell levels left.
You knew the following spells:

 Your Spells              Type           Power      Damage    Failure   Level
a - Slow                  Hex            52%        N/A       4%          1
b - Portal Projectile     Hex/Tloc       24%        N/A       13%         3

Your spell library contained the following spells:

 Spells                   Type           Power      Damage    Failure   Level
 Confusing Touch          Hex            13%        N/A       12%         3
 Ensorcelled Hibernation  Hex/Ice        14%        N/A       16%         2
 Foxfire                  Conj/Fire      0%         2x1d4     26%         1
 Inner Flame              Hex/Fire       7%         N/A       30%         3
 Sublimation of Blood     Necr           0%         N/A       36%         2
 Wereblood                Tmut           0%         N/A       36%         2
 Cause Fear               Hex            6%         N/A       36%         4
 Call Canine Familiar     Summ           0%         N/A       58%         3
 Conjure Flame            Conj/Fire      0%         6-21      58%         3
 Spider Form              Tmut/Pois      0%         N/A       58%         3
 Vampiric Draining        Necr           0%         2d6       58%         3
 Anguish                  Hex/Necr       3%         N/A       69%         4
 Leda's Liquefaction      Hex/Erth       3%         N/A       69%         4
 Flame Wave               Conj/Fire      0%         2d4       94%         4
 Freezing Cloud           Conj/Ice/Air   0%         6-21      100%        5
 Simulacrum               Ice/Necr       0%         N/A       100%        6
 Summon Hydra             Summ           0%         N/A       100%        7
 Polar Vortex             Ice            0%         N/A       100%        9


Dungeon Overview and Level Annotations

Branches:
Dungeon (8/15)             Temple (1/1) D:4
   Lair: D:8-11

Altars:
Ashenzari
Cheibriados
Dithmenos
Elyvilon
Fedhas
Hepliaklqana
Kikubaaqudgha
Makhleb
Nemelex Xobeh
Okawaru
Qazlal
Ru
Trog
Uskayaw
Xom
Yredelemnul

Annotations:
D:8 1 exclusion


Innate Abilities, Weirdness & Mutations

You are very small and have problems with some larger weapons.
You are too small for most types of armour.
You have supernaturally acute eyesight. (SInv)
You cover ground extremely quickly. (Speed+++)


Message History

Fire: F) +0 shortbow
Press: ? - help, Q - select action, (/) - cycle Shift-Dir - straight line, f - goblin
Aim: a goblin, wielding a +0 spear (65% to hit)
You shoot an arrow. The arrow hits the goblin!
You kill the goblin!
Dithmenos accepts your kill.
You can now step into the shadows of nearby creatures.
A goblin comes into view. It is wielding a +0 spear.
Fire: F) +0 shortbow
Press: ? - help, Q - select action, (/) - cycle Shift-Dir - straight line, f - goblin
Aim: a goblin, wielding a +0 spear (65% to hit)
You shoot an arrow. The arrow hits the goblin!
You kill the goblin!
Dithmenos accepts your kill.
You hear a shout!
The centaur shoots an arrow.
The arrow hits you!
* * * LOW HITPOINT WARNING * * *
Really quaff the potion of attraction?
You feel attractive to monsters.
The centaur shoots an arrow.
The arrow closely misses you. The centaur is attracted toward you.
Fire: F) +0 shortbow
Press: ? - help, Q - select action, (/) - cycle Shift-Dir - straight line, f - centaur
Aim: a centaur, wielding a +0 shortbow (umbra, 79% to hit)
You shoot an arrow. The arrow hits the centaur.
The centaur is lightly wounded.
The centaur unwields a +0 shortbow.
The centaur hits you.
* * * LOW HITPOINT WARNING * * *
The centaur closely misses you. The centaur hits you.
* * * LOW HITPOINT WARNING * * *
The centaur closely misses you.
Fire: F) +0 shortbow
Press: ? - help, Q - select action, (/) - cycle Shift-Dir - straight line, f/p - centaur
Aim: a centaur (lightly wounded, umbra, 79% to hit)
You shoot an arrow. The arrow hits the centaur.
The centaur is moderately wounded.
The centaur barely misses you.
The centaur kicks you but does no damage.
The centaur hits you.
You die...

...##......
)≈..........$......#....
≈≈..[.......#.##........
...............###......
...............#.#......
#.......................
#......................
###......................
#.c... #@..........).....
#....##c..............##
#....#....#.......##.#
#.................#..#
#..................###
####.#..........####
####.##....### ........##
#........##


You could see a centaur.

Vanquished Creatures
  Pikel (D:4)
  An acid dragon (D:8)
  3 water moccasins
  Duvessa (D:4)
  2 orc warriors
  2 sky beasts
  3 ogres
  A centaur (D:8)
  A phantom (D:5)
  A kobold brigand (D:5)
  4 lemures (D:4)
  Blork the orc (D:4)
  A bullfrog (D:6)
  A gnoll sergeant (D:7)
  2 scorpions
  4 wights (D:7)
  Dowan (D:4)
  A killer bee (D:7)
  A jelly (D:5)
  An orc priest (D:4)
  A gnoll bouda (D:8)
  A hound (D:3)
  Ijyb (D:4)
  2 orc wizards
  8 adders
  10 gnolls
  A shadow imp (D:6)
  2 white imps (D:7)
  An ufetubus (D:5)
  3 dart slugs
  20 orcs
  6 endoplasms
  3 giant cockroaches
  13 hobgoblins
  3 quokkas
  6 ball pythons
  8 bats
  5 frilled lizards
  6 goblins
  20 kobolds
  2 rats
155 creatures vanquished.

Vanquished Creatures (others)
  A quokka (D:2)
1 creature vanquished.

Grand Total: 156 creatures vanquished

Notes
Turn   | Place    | Note
-------+----------+-------------------------------------------
     0 | D:1      | LustLizard the Spriggan Arcane Marksman began the quest for
                  | the Orb.
     0 | D:1      | Reached XP level 1. HP: 9/9 MP: 3/3
   227 | D:1      | Reached skill level 1 in Stealth
   315 | D:1      | Found a faded altar of an unknown god.
   459 | D:1      | Reached XP level 2. HP: 14/14 MP: 3/5
   895 | D:1      | Reached skill level 1 in Fighting
   902 | D:1      | Reached skill level 2 in Stealth
  1592 | D:2      | Reached XP level 3. HP: 18/18 MP: 6/6
  1596 | D:2      | Learned a level 3 spell: Portal Projectile
  1987 | D:2      | Found a white marble altar of Elyvilon.
  2519 | D:2      | Reached skill level 1 in Translocations
  3076 | D:2      | Reached XP level 4. HP: 22/22 MP: 7/7
  3099 | D:3      | Reached skill level 3 in Stealth
  3624 | D:3      | Reached XP level 5. HP: 25/25 MP: 8/8
  3867 | D:4      | Reached skill level 4 in Stealth
  3873 | D:4      | Noticed Blork the orc
  4761 | D:4      | Noticed a lemure
  4761 | D:4      | Noticed a lemure
  4761 | D:4      | Noticed a lemure
  4902 | D:4      | Noticed Dowan
  5021 | D:4      | Found a staircase to the Ecumenical Temple.
  5031 | Temple   | Entered the Ecumenical Temple
  5133 | Temple   | Became a worshipper of Dithmenos the Shadowed
  5564 | D:4      | Noticed Ijyb
  5730 | D:4      | Reached XP level 6. HP: 30/30 MP: 9/9
  6114 | D:4      | Killed Blork the orc
  6115 | D:4      | Reached skill level 5 in Stealth
  6459 | D:4      | Killed Ijyb
  7078 | D:4      | Noticed Duvessa
  7125 | D:4      | Killed Duvessa
  7126 | D:4      | Reached skill level 6 in Stealth
  7126 | D:4      | Reached XP level 7. HP: 35/35 MP: 10/10
  7184 | D:4      | Killed Dowan
  7332 | D:4      | Noticed Pikel
  7592 | D:4      | Killed Pikel
  7593 | D:4      | Reached skill level 5 in Ranged Weapons
  7593 | D:4      | Reached skill level 8 in Stealth
  7593 | D:4      | Reached XP level 8. HP: 40/40 MP: 11/11
  7686 | D:5      | Entered Level 5 of the Dungeon
  8165 | D:5      | Reached skill level 9 in Stealth
  8774 | D:6      | Reached skill level 10 in Stealth
 10512 | D:7      | Reached * piety under Dithmenos
 10513 | D:7      | Reached XP level 9. HP: 45/45 MP: 12/12
 10796 | D:7      | Reached skill level 11 in Stealth
 12268 | D:8      | Reached skill level 12 in Stealth
 12319 | D:7      | HP: 1/46 [orc priest/divine providence (8)]
 12521 | D:8      | HP: 1/46 [centaur/arrow (16)]
 12886 | D:8      | Reached ** piety under Dithmenos
 12889 | D:8      | HP: 2/46 [centaur (6)]
 12890 | D:8      | Slain by a centaur

Illustrated notes

Levels and vault maps discovered:
D:1:      dpeg_arrival_rooms_a, layout_basic, basic_ecumenical_altar
D:2:      layout_loops_ring, basic_altar
D:3:      layout_rooms
D:4:      layout_loops_ring, minmay_temple_entry_grid, minmay_tree_intersection,
          amcnicky_mini_corridor_feature, kennysheep_generic_room_13,
          uniq_pikel, uniq_duvessa, uniq_ijyb, uniq_blork_the_orc
D:5:      layout_cave_pools, chequers_serial_rivers_small_b, minivault_1
D:6:      layout_basic, minmay_misc_feat_room, sigmund_army
D:7:      layout_basic
D:8:      minmay_evil_eye, layout_cave_pools, enter_bailey_5
Temple:   mainiacjoe_temple_circle_huts

Skill      XL: |  1  2  3  4  5  6  7  8  9 |
---------------+----------------------------+-----
Stealth        | 1 2 3 4 6 8 10 12 | 12.2
Fighting       | 1 2 3 4 |  4.6
Hexes          | 4 |  4.5
Translocations | 1 2 3 4 |  4.0
Ranged Weapons | 3 4 5 7 8 |  8.3
Dodging        | |  2.6
Spellcasting   | |  1.3

Action                   |  1- 3 |  4- 6 |  7- 9 || total
-------------------------+-------+-------+-------++-------
 Fire: Sling             |   188 |   290 |   467 ||   945
       Shortbow          |       |       |    39 ||    39
 Cast: Slow              |    15 |    11 |    50 ||    76
  Use: Scroll            |     4 |     1 |     4 ||     9
       Potion            |       |     1 |     3 ||     4
Armor: Robe              |     8 |     5 |     3 ||    16
Dodge: Dodged            |    56 |    80 |    65 ||   201
